 Dungeon Crawl Stone Soup version 0.19-a0-1568-gdd01aac (webtiles) character file.

115 Duffy the Insei (level 5, -3/33 HPs)
             Began as an Octopode Transmuter on Sept 15, 2016.
             Slain by Crazy Yiuf
             ... wielding a +4 quarterstaff of chaos
              (6 damage)
             ... while paralysed by Crazy Yiuf
             ... on level 2 of the Dungeon.
             The game lasted 00:03:15 (2415 turns).

Duffy the Insei (Octopode Transmuter)               Turns: 2415, Time: 00:03:15

Health: -3/33      AC:  2    Str:  9    XL:     5   Next: 0%
Magic:  2/8        EV:  5    Int: 16    God:
Gold:   63         SH:  0    Dex: 18    Spells: 3 memorised, 2 levels left

rFire  . . .     SeeInvis .       - Unarmed
rCold  . . .     Gourm    .     (shield currently unavailable)
rNeg   . . .     Faith    .     (helmet currently unavailable)
rPois  x         Spirit   .     (no amulet)
rElec  .         Dismiss  .     d - ring of wizardry
rCorr  .         Reflect  .     g - +2 ring of evasion
MR     +....     Harm     .     q - ring of protection from magic
Stlth  ++........               (no ring)
                                (no ring)
                                (no ring)
                                (no ring)
                                (no ring)

@: paralysed, spider-form (expiring), very slightly contaminated
A: almost no armour, stealthy swim, (amphibious), 8 rings, (constrict 8),
(camouflage 0), (gelatinous body 0)
a: End Transformation


You were on level 2 of the Dungeon.
You were not hungry.
You were a venomous arachnid creature.
You visited 1 branch of the dungeon, and saw 2 of its levels.

You collected 63 gold pieces.

Inventory:

Missiles
 a - 12 arrows
Jewellery
 d - a ring of wizardry (left front leg)
 g - a +2 ring of evasion (right front leg)
 q - a ring of protection from magic (on tentacle)
Wands
 m - a wand of slowing (31/48)
Scrolls
 i - 3 scrolls of blinking {unknown}
 s - 3 scrolls of enchant armour {unknown}
Potions
 e - a potion of mutation {unknown}
 j - a potion of haste
 k - a potion of lignification {unknown}
 o - a potion of cure mutation {unknown}
 p - 2 potions of curing {unknown}
 r - a potion of flight {unknown}
Books
 b - a book of Changes

   Spells                             Type                      Level
   a - Beastly Appendage              Transmutation                1
   b - Sticks to Snakes               Transmutation                2
   c - Spider Form                    Transmutation/Poison         3
   d - Ice Form                       Ice/Transmutation            4
   e - Blade Hands                    Transmutation                5
Comestibles
 c - 2 bread rations
 f - a beef jerky
 h - a meat ration
 l - a royal jelly
 n - 4 chunks of flesh


   Skills:
 + Level 1.4 Fighting
 + Level 2.0 Dodging
 + Level 5.3 Unarmed Combat
 - Level 2.0 Spellcasting
 - Level 2.0 Transmutations


You had 2 spell levels left.
You knew the following spells:

 Your Spells              Type           Power        Failure   Level  Hunger
a - Spider Form           Tmut/Pois      #.........   30%         3    ###....
b - Sticks to Snakes      Tmut           #.......     13%         2    ###....
c - Beastly Appendage     Tmut           #.....       10%         1    #......


Dungeon Overview and Level Annotations

Branches:
Dungeon (2/15)

Altars:
Trog

Annotations:
D:2 Crazy Yiuf


Innate Abilities, Weirdness & Mutations

You cannot wear most types of armour.
You are very stealthy in the water.
((You are amphibious.))
You can wear up to eight rings at the same time.
((You can use your tentacles to constrict eight enemies at once.))
((Your skin changes colour to match your surroundings (Stealth+).))
((Your rubbery body absorbs attacks. (AC +1, EV +1)))


Message History

You are very lightly contaminated with residual magic.
Waves of light ripple over your body. Crazy Yiuf barely misses you.
Casting: Spider Form
Confirm with . or Enter, or press ? or * to list all spells.
You turn into a venomous arachnid creature.
Crazy Yiuf closely misses you.
You closely miss Crazy Yiuf. Crazy Yiuf closely misses you.
You bite Crazy Yiuf!
Crazy Yiuf is poisoned.
Crazy Yiuf is heavily wounded.
Crazy Yiuf grits, "Papa unthinkable disdain!"
Crazy Yiuf hits you with a quarterstaff of chaos!
Crazy Yiuf hits you with a quarterstaff of chaos.
You suddenly lose the ability to move!
Your transformation is almost over.
Crazy Yiuf hits you with a quarterstaff of chaos.
You are electrocuted!
Ouch! That really hurt!
* * * LOW HITPOINT WARNING * * *
Crazy Yiuf hits you with a quarterstaff of chaos.
You die...

#.# 7.PPP7
##### #.#
7.P.77
....######.#
77.77
###........#
7.77
#..##.##.#
77.7
###.....##.#
7.77
.###.#####.#
77.7 .#
#.......#
##'##
.###########
#.s.#
.........#
#.g.#
.##......#
#..)#
.........#
#####
.##......#
###......# ###
#..<###### #.#
.....## #.#
......######.#


You could see Crazy Yiuf.

Vanquished Creatures
  Robin (D:2)
  3 adders (D:2)
  A worm (D:2)
  A dart slug (D:2)
  A leopard gecko (D:1)
  A ball python (D:2)
  5 bats
  A giant cockroach (D:2)
  19 goblins
  8 hobgoblins
  9 jackals (D:1)
  3 frilled lizards (D:1)
  7 kobolds
  5 rats
65 creatures vanquished.

Notes
Turn   | Place    | Note
-------+----------+-------------------------------------------
     0 | D:1      | Duffy the Octopode Transmuter began the quest for the Orb.
     0 | D:1      | Reached XP level 1. HP: 13/13 MP: 3/3
   184 | D:1      | Reached XP level 2. HP: 12/18 MP: 5/5
   212 | D:1      | Learned a level 2 spell: Sticks to Snakes
   737 | D:1      | Reached skill level 4 in Unarmed Combat
   750 | D:1      | Reached XP level 3. HP: 21/23 MP: 6/6
  1006 | D:1      | Learned a level 3 spell: Spider Form
  1497 | D:2      | Noticed Robin
  1531 | D:2      | Reached XP level 4. HP: 20/28 MP: 3/7
  1653 | D:2      | Killed Robin
  1745 | D:2      | Found a bloodstained altar of Trog.
  1783 | D:2      | Reached skill level 5 in Unarmed Combat
  1987 | D:2      | Found a runed door.
  2348 | D:2      | Reached XP level 5. HP: 33/33 MP: 8/8
  2407 | D:2      | Noticed Crazy Yiuf
  2413 | D:2      | Paralysed by Crazy Yiuf for 3 turns
  2415 | D:2      | Slain by Crazy Yiuf

Vault maps used:
D:1:      nicolae_arrival_somewhat_less_tricky_arrival, serial_bayou_lake_a
D:2:      bloody_trog, uniq_robin, uniq_crazy_yiuf_cottage

Skill      XL: |  1  2  3  4 |
---------------+-------------+-----
Unarmed Combat | 4 5 |  5.3
Fighting       | |  1.4
Dodging        | |  2.0
Spellcasting   | |  2.0
Transmutations | |  2.0

Action                   |  1- 3 |  4- 6 || total
-------------------------+-------+-------++-------
Melee: Unarmed           |    88 |    46 ||   134
       Constrict         |    23 |     9 ||    32
       Tentacles         |    11 |     3 ||    14
       Punch             |     3 |     3 ||     6
 Cast: Spider Form       |     1 |     2 ||     3
 Stab: Sleeping          |     6 |     2 ||     8
       Distracted        |     1 |     2 ||     3
  Eat: Chunk             |     2 |     3 ||     5
Armor: Skin              |     3 |     2 ||     5
Dodge: Dodged            |    43 |    39 ||    82
